 Dungeon Crawl Stone Soup version 0.28-b1-25-g9875b3fc8c (webtiles) character file.

Game seed: 17056232541339017651

326 rocky1 the Cleaver (level 6, 0/50 HPs)
             Began as a Minotaur Gladiator on Feb 3, 2022.
             Was an Initiate of Okawaru.
             Slain by a hornet (11 damage)
             ... while paralysed by a hornet
             ... on level 5 of the Dungeon.
             The game lasted 00:09:11 (4224 turns).

rocky1 the Cleaver (Minotaur Gladiator)             Turns: 4224, Time: 00:09:11

Health: 0/50       AC:  9    Str: 21    XL:     6   Next: 24%
Magic:  5/5        EV:  2    Int:  5    God:    Okawaru [......]
Gold:   184        SH:  0    Dex: 11    Spells: 5/5 levels left

rFire   . . .      SeeInvis +   a - +0 war axe
rCold   . . .      Faith    .   (no shield)
rNeg    . . .      Spirit   .   e - +2 scale mail {Will+}
rPois   .          Reflect  .   c - +0 hat
rElec   .          Harm     .   (no cloak)
rCorr   .          Rampage  .   r - +0 pair of gloves
Will    ++...                   (no boots)
Stlth   ..........              (no amulet)
HPRegen 0.16/turn               l - ring of willpower
MPRegen 0.09/turn               m - ring of see invisible

@: paralysed, lethally poisoned (0 -> -11), slowed
A: horns 2, retaliatory headbutt
a: Renounce Religion


You were on level 5 of the Dungeon.
You worshipped Okawaru.
Okawaru was noncommittal.
You visited 1 branch of the dungeon, and saw 5 of its levels.

You collected 184 gold pieces.

Inventory:

Hand Weapons
 a - a +0 war axe (weapon)
 b - a +0 hunting sling
Missiles
 d - 3 throwing nets
 h - 57 sling bullets
 t - 2 poisoned darts (quivered)
Armour
 c - a +0 hat (worn)
 e - a +2 scale mail of willpower (worn)
 j - a +0 ring mail
 r - a +0 pair of gloves (worn)
Jewellery
 g - a ring of wizardry
 l - a ring of willpower (left hand)
 m - a ring of see invisible (right hand)
 q - a ring of protection from cold
 s - a ring of ice
 v - an amulet of reflection
Scrolls
 f - a scroll of vulnerability
 k - a scroll of fog
 n - a scroll of torment
 o - a scroll of immolation
 w - a scroll of fear {unknown}
 x - 2 scrolls of teleportation {unknown}
 y - a scroll of noise {unknown}
 z - a scroll of amnesia {unknown}
 A - 3 scrolls of magic mapping
Potions
 i - a potion of might
 p - a potion of curing
 u - a potion of heal wounds
 B - a potion of haste


   Skills:
 - Level 2.4 Fighting
 + Level 8.5 Axes
 - Level 2.0 Throwing
 - Level 3.2 Dodging


You had 5 spell levels left.
You didn't know any spells.
Your spell library contained the following spells:

 Spells                   Type           Power      Damage    Failure   Level
 Shock                    Conj/Air       0%         1d3       83%         1
 Sting                    Tmut/Pois      0%         1d3       83%         1
 Ensorcelled Hibernation  Hex/Ice        0%         N/A       93%         2
 Poisonous Vapours        Pois/Air       0%         N/A       93%         2
 Spider Form              Tmut/Pois      0%         N/A       99%         3
 Swiftness                Air            0%         N/A       99%         3
 Airstrike                Air            0%         N/A       100%        4
 Anguish                  Hex/Necr       0%         N/A       100%        4
 Olgreb's Toxic Radiance  Pois           0%         N/A       100%        4


Dungeon Overview and Level Annotations

Branches:
Dungeon (5/15)
 Temple: D:4-7

Altars:
Dithmenos
Elyvilon
Okawaru

Annotations:
D:5 2 transporters


Innate Abilities, Weirdness & Mutations

You have a pair of horns on your head.
You reflexively headbutt those who attack you in melee.


Message History

The hornet barely misses you.
You feel sick. The hornet barely misses you. You furiously retaliate!
You headbutt the hornet!
You feel sick.
You feel sick.
The bullfrog skeleton hits you but does no damage.
The hornet barely misses you.
The bullfrog skeleton barely misses you.
You furiously retaliate!
You headbutt the bullfrog skeleton, but do no damage.
You feel sick.
The bullfrog skeleton barely misses you.
The hornet stings you but does no damage.
You feel sick.
You slash the bullfrog skeleton! You headbutt the bullfrog skeleton!
The bullfrog skeleton is almost destroyed.
You feel sick.
You are no longer poisoned.
You closely miss the hornet.
The hornet is severely wounded.
The hornet looks more healthy.
The hornet barely misses you.
You hit the hornet but do no damage.
The hornet is severely wounded.
The hornet stings you!
You feel yourself slow down. The hornet barely misses you.
You furiously retaliate!
You headbutt the hornet.
Throw: 3 darts (poison)
Press: ? - help, Q - select action, (/) - cycle Shift-Dir - straight line, f/p - hornet
Aim: a hornet (severely wounded, 42% to hit)
You throw a poisoned dart. The poisoned dart hits the hornet.
The hornet is poisoned.
The hornet is severely wounded.
The hornet barely misses you. The hornet stings you!
* * * LOW HITPOINT WARNING * * *
You suddenly lose the ability to move!
You feel yourself speed up. The hornet stings you.
* * * LOW HITPOINT WARNING * * *
You are lethally poisoned!
You feel yourself slow down. The hornet stings you!
You die...

..#. #### ..#.##..
...... .........###
...... .....#.. ..#
...... .#(....###.###
#...... .......#.....##
....... ...............
......
...(.........####..##..
........####..Zy@.#...#
.(......(......#....#
##############.....##
8P#≈≈≈≈≈SS#P8#.....###
.[#..P≈≈SS#..#.......#
©/+..≈♣P≈P+)©#©..###...
..#..≈≈P≈≈#..#..## ##.
8P#≈≈≈≈≈≈≈#P8#.######.
##############........


You could see a hornet (poisoned), 2 electric eels and a bullfrog skeleton.

Vanquished Creatures
  A water moccasin skeleton (D:5)
  A hound (D:5)
  A centaur zombie (D:5)
  An iguana (D:4)
  An orc wizard (D:4)
  A howler monkey skeleton (D:4)
  4 adders
  3 gnolls (D:2)
  A worm (D:3)
  4 dart slugs
  5 orcs
  9 ball pythons
  7 endoplasms
  6 giant cockroaches
  9 hobgoblins
  5 kobolds
  5 quokkas
  7 bats
  4 frilled lizards
  4 goblins
  5 rats
84 creatures vanquished.

Vanquished Creatures (others)
  A plant (D:2)
  2 withered plants (D:1)
3 creatures vanquished.

Grand Total: 87 creatures vanquished

Notes
Turn   | Place    | Note
-------+----------+-------------------------------------------
     0 | D:1      | rocky1 the Minotaur Gladiator began the quest for the Orb.
     0 | D:1      | Reached XP level 1. HP: 18/18 MP: 0/0
    29 | D:1      | Reached skill level 4 in Axes
   123 | D:1      | Reached XP level 2. HP: 24/25 MP: 1/1
   270 | D:1      | Found a faded altar of an unknown god.
   731 | D:1      | Reached skill level 5 in Axes
   891 | D:1      | Reached XP level 3. HP: 24/30 MP: 2/2
  1424 | D:2      | Found an iron altar of Okawaru.
  1432 | D:2      | You fall into a shaft and drop 1 floor!
  1445 | D:3      | Reached skill level 6 in Axes
  1445 | D:3      | Reached XP level 4. HP: 13/37 MP: 3/3
  2096 | D:2      | Became a worshipper of Warmaster Okawaru
  2632 | D:3      | Found a shadowy altar of Dithmenos.
  2632 | D:3      | Found a white marble altar of Elyvilon.
  2874 | D:4      | Reached skill level 7 in Axes
  2874 | D:4      | Reached XP level 5. HP: 42/42 MP: 4/4
  3894 | D:5      | Entered Level 5 of the Dungeon
  3894 | D:5      | Found a transporter.
  3901 | D:5      | Reached skill level 8 in Axes
  3962 | D:5      | Reached XP level 6. HP: 37/50 MP: 5/5
  4177 | D:5      | Found a transporter.
  4205 | D:5      | Noticed a hornet
  4223 | D:5      | Paralysed by a hornet for 3 turns
  4224 | D:5      | Slain by a hornet

Illustrated notes

Levels and vault maps discovered:
D:1:      lightli_arrival_noodles, layout_loops_corners,
          ebering_ecumenical_altar_petrified, minmay_tall_x
D:2:      layout_loops_cross, basic_altar, serial_bayou_crossing
D:3:      layout_loops_cross, gammafunk_temple_overflow_elements
D:4:      layout_cave_pods
D:5:      gammafunk_steamed_eel, layout_rooms,
          nicolae_concentric_dashed_squares_mild, uniq_prince_ribbit1,
          uniq_blork_the_orc

Skill      XL: |  1  2  3  4  5 |
---------------+----------------+-----
Axes           | 4 5 6 7 8 |  8.5
Fighting       | |  2.4
Throwing       | |  2.0
Dodging        | |  3.2

Action                   |  1- 3 |  4- 6 || total
-------------------------+-------+-------++-------
Melee: War axe           |    86 |    89 ||   175
       Headbutt          |     9 |    14 ||    23
       Punch             |       |     2 ||     2
Throw: Dart              |       |     4 ||     4
  Use: Scroll            |       |     9 ||     9
Armor: Leather armour    |     8 |       ||     8
       Ring mail         |    24 |    22 ||    46
       Scale mail        |       |     3 ||     3
Dodge: Dodged            |    57 |    53 ||   110
